 Dungeon Crawl Stone Soup version 0.23.0-3-gf3c87f2 (webtiles) character file.

Game seed: 12983768048560895651

1 Monsterracer the Skirmisher (level 1, 0/14 HPs)
             Began as a Tengu Abyssal Knight on Feb 24, 2019.
             Was a Follower of Lugonu.
             Slain by a hobgoblin (1 damage)
             ... on level 1 of the Dungeon.
             The game lasted 00:00:12 (87 turns).

Monsterracer the Skirmisher (Tengu Abyssal Knight)    Turns: 87, Time: 00:00:13

Health: 0/14       AC:  3    Str: 12    XL:     1   Next: 20%
Magic:  3/3        EV: 11    Int: 12    God:    Lugonu [*.....]
Gold:   0          SH:  0    Dex: 13    Spells: 0/0 levels left

rFire    . . .     SeeInvis .   a - +1 mace
rCold    . . .     Gourm    .   (no shield)
rNeg     . . .     Faith    .   b - +0 leather armour
rPois    .         Spirit   .   (helmet restricted)
rElec    .         Reflect  .   (no cloak)
rCorr    .         Harm     .   (no gloves)
MR       .....                  (boots unavailable)
Stlth    +.........             (no amulet)
HPRegen  0.04/turn              (no ring)
MPRegen  0.08/turn              (no ring)

@: no status effects
A: beak, talons 3
a: Depart the Abyss, Renounce Religion


You were on level 1 of the Dungeon.
You worshipped Lugonu.
Lugonu was aware of your devotion.
You were not hungry.

You visited 1 branch of the dungeon, and saw 1 of its levels.
You visited the Abyss 1 time.


Innate Abilities, Weirdness & Mutations

You have a beak for a mouth.
You have claws for feet.


   Skills:
 + Level 3.0 Fighting
 * Level 2.3 Maces & Flails
 - Level 2.1 Armour
 - Level 1.1 Dodging
 - Level 1.5 Invocations


You couldn't memorise any spells.
You didn't know any spells.
Your spell library was empty.

Inventory:

Hand Weapons
 a - a +1 mace (weapon)
Armour
 b - a +0 leather armour (worn)
Scrolls
 e - a scroll of immolation {unknown}
Potions
 d - a potion of lignification {unknown}
Comestibles
 c - a ration

Dungeon Overview and Level Annotations

Branches:
Dungeon (1/15)

Altars:

####+####
###§≈≈≈≈≈≈###
#≈≈≈.....≈≈≈#
#.....g.....#
##@##
####8(8####
##.........##
#...........##
##[...........#
+8.....<(......
#+..(..(......#
#...........##
##.....[...##


You could see a hobgoblin.


Message History

Welcome, Monsterracer the Tengu Abyssal Knight.
The bosom of this dungeon contains the fabled artefact, the Orb of Zot.
Lugonu says: Depart the Abyss and spread corruption, my servant! (use the ability menu to exit the Abyss) Press ? for a list of commands and other information.
Found a corrupted altar of Lugonu.
There is a corrupted altar of Lugonu here.
Found a corrupted altar of Lugonu.
There is a corrupted altar of Lugonu here.
You enter the shallow water.
Moving in this stuff is going to be slow.
You are suddenly pulled into a different region of the Abyss!
d - a viscous silvery potion
e - a scroll labeled AGGAIM DUVVALY Unknown command.
Found a gateway leading out of the Abyss.
There is a gateway leading out of the Abyss here.
You pass through the gate.
Found a ring mail and a runed helmet.
There is a staircase leading out of the dungeon here.
As you open the large door, it creaks loudly!
A hobgoblin comes into view.
You hear a shout!
A hobgoblin comes into view.
The hobgoblin throws a stone.
The stone closely misses you.
There are monsters nearby!
The hobgoblin throws a stone.
The stone hits you.
The hobgoblin throws a stone.
The stone hits you but does no damage.
There is a large open door here.
You see here 2 stones.
You take 3 damage, and have 11/14 hp.
MASSIVE DAMAGE!!
You swing at nothing.
The hobgoblin throws a stone.
The stone barely misses you.
The hobgoblin throws a stone.
The stone hits you but does no damage.
You swing at nothing.
The hobgoblin throws a stone.
The stone misses you.
You swing at nothing.
The hobgoblin throws a stone.
The stone closely misses you.
The hobgoblin throws a stone.
The stone hits you.
The hobgoblin throws a stone.
The stone hits you but does no damage.
You swing at nothing.
The hobgoblin throws a stone.
The stone hits you.
You take 3 damage, and have 8/14 hp.
MASSIVE DAMAGE!!
You hit the hobgoblin.
The hobgoblin is severely wounded.
The hobgoblin hits you.
* * * LOW HITPOINT WARNING * * *
You take 5 damage, and have 3/14 hp.
MASSIVE DAMAGE!!
You hit the hobgoblin.
You kill the hobgoblin!
Lugonu accepts your kill.
The hobgoblin throws a stone.
The stone closely misses you. The hobgoblin hits you.
* * * LOW HITPOINT WARNING * * *
There is a large open door here.
Things that are here:
9 stones; a hobgoblin corpse You take 1 damage, and have 2/14 hp.
You closely miss the hobgoblin. The hobgoblin hits you.
* * * LOW HITPOINT WARNING * * *
The hobgoblin barely misses you.
You take 1 damage, and have 1/14 hp.
Unknown command.
You hit the hobgoblin.
You claw the hobgoblin, but do no damage.
You peck the hobgoblin.
The hobgoblin is almost dead.
The hobgoblin hits you.
You die...

Action                   || total
-------------------------++-------
Melee: Mace              ||     4
       Kick              ||     1
       Peck              ||     1
Dodge: Dodged            ||     6

Levels and vault maps discovered:
D:1:      dpeg_arrival_morbid_curiosity, layout_loops_ring,
          ebering_dispersal_statue_hall
Abyss:1:  evilmike_abyss_exit_6

Notes
Turn   | Place    | Note
-------+----------+-------------------------------------------
     0 | Abyss:1  | Monsterracer the Tengu Abyssal Knight began the quest for
                  | the Orb.
     0 | Abyss:1  | Reached XP level 1. HP: 14/14 MP: 3/3
     2 | Abyss:1  | Found a corrupted altar of Lugonu.
    73 | D:1      | Escaped the Abyss
    83 | D:1      | HP: 3/14 [hobgoblin (5)]
    86 | D:1      | HP: 1/14 [hobgoblin (1)]
    87 | D:1      | Slain by a hobgoblin

Vanquished Creatures
  A hobgoblin (D:1)
1 creature vanquished.

Table legend:
 A = Turns spent in this place as a percentage of turns spent in the entire game.
 B = Non-inter-level travel turns spent in this place as a percentage of non-inter-level travel turns spent in the entire game.
 C = Inter-level travel turns spent in this place as a percentage of turns spent in this place.
 D = Turns resting spent in this place as a percentage of non-inter-level travel turns spent in this place.
 E = Turns spent auto-exploring this place as a percentage of non-inter-level travel turns spent in this place.
 F = Non-inter-level travel turns spent in this place divided by the number of levels of this place that you've seen.
                   A       B       C       D       E      F
               +-------+-------+-------+-------+-------+----------------------
         Total | 100.0 | 100.0 |   0.0 |   0.0 |  79.3 |  43.5
       Dungeon |  16.1 |  16.1 |   0.0 |   0.0 |  21.4 |  14.0
         Abyss |  83.9 |  83.9 |   0.0 |   0.0 |  90.4 |  73.0
               +-------+-------+-------+-------+-------+----------------------

Table legend:
 A = Non-vault XP
 B = Vault XP
 C = Vault XP percentage of total XP
 D = Non-vault monster count
 E = Vault monster count
 F = Vault count percentage of total count
                 A         B        C        D         E       F
            +---------+---------+-------+---------+---------+-------
      Total |       0 |       2 | 100.0 |       0 |       1 | 100.0
            +---------+---------+-------+---------+---------+-------
        D:1 |       0 |       2 | 100.0 |       0 |       1 | 100.0
            +---------+---------+-------+---------+---------+-------
